 Dungeon Crawl Stone Soup version 0.30-a0-930-gb9d0489357 (webtiles) character file.

Game seed: 13768282654303739309

11583 ytrimaz the Severer (level 12, -19/92 HPs)
             Began as a Formicid Fighter on Mar 23, 2023.
             Was a High Priest of Okawaru.
             Demolished by a cyclops (22 damage)
             ... on level 11 of the Dungeon.
             The game lasted 00:15:38 (12774 turns).

ytrimaz the Severer (Formicid Fighter)             Turns: 12774, Time: 00:15:38

Health: -19/92     AC:  6    Str: 32    XL:     12   Next: 9%
Magic:  17/17      EV: 11    Int:  9    God:    Okawaru [*****.]
Gold:   769        SH:  6    Dex: 19    Spells: 11/11 levels left

rFire   + . .      SeeInvis +    A - +2 war axe (venom)
rCold   + . .      Faith    .    c - +0 buckler
rNeg    . . .      Spirit   .    b - +1 robe of Vines {NoPotionHeal Regen++++}
rPois   +          Reflect  .    (helmet unavailable)
rElec   .          Rampage  .    o - scarf {rC+ rF+}
rCorr   .                        h - +1 pair of gloves
Will    +....                    q - +0 pair of boots
Stlth   ++                       z - amulet of Wariness {Acrobat Str+4}
HPRegen 3.55/turn                l - ring of poison resistance
MPRegen 0.15/turn                y - ring of Nuduewee {Str+3 Dex+6}

@: no status effects
A: permanent stasis, dig shafts and tunnels, antennae 3, four strong arms
a: Dig, Shaft Self, Renounce Religion, Heroism, Finesse, Duel


You were on level 11 of the Dungeon.
You worshipped Okawaru.
Okawaru was extremely pleased with you.
You visited 1 branch of the dungeon, and saw 11 of its levels.

You collected 779 gold pieces.
You spent 10 gold pieces at shops.


Innate Abilities, Weirdness & Mutations

You cannot be hasted, slowed, berserked, paralysed or teleported.
You can dig through walls and to a lower floor.
You have a pair of large antennae on your head. (SInv)
Your four strong arms can wield two-handed weapons with a shield.


   Skills:
 + Level 7.9 Fighting
 - Level 16.0 Axes
 - Level 3.6 Armour
 - Level 4.0 Shields
 - Level 7.0 Invocations


You had 11 spell levels left.
You didn't know any spells.
Your spell library contained the following spells:

 Spells                   Type           Power      Damage    Failure   Level
 Apportation              Tloc           0%         N/A       45%         1
 Magic Dart               Conj           0%         1d3       45%         1
 Necrotise                Necr           0%         1d4       45%         1
 Ensorcelled Hibernation  Hex/Ice        0%         N/A       58%         2
 Searing Ray              Conj           0%         2d4       58%         2
 Sublimation of Blood     Necr           0%         N/A       58%         2
 Wereblood                Tmut           0%         N/A       58%         2
 Inner Flame              Hex/Fire       0%         N/A       83%         3
 Spider Form              Tmut/Pois      0%         N/A       83%         3
 Stone Arrow              Conj/Erth      0%         3d7       83%         3
 Anguish                  Hex/Necr       0%         N/A       99%         4
 Cause Fear               Hex            0%         N/A       99%         4
 Fulminant Prism          Conj/Hex       0%         3d5       99%         4
 Passage of Golubria      Tloc           0%         N/A       99%         4
 Yara's Violent Unravell  Hex/Tmut       0%         3d3       100%        5
 Enfeeble                 Hex            0%         N/A       100%        7
 Discord                  Hex            0%         N/A       100%        8
 Lehudib's Crystal Spear  Conj/Erth      0%         10d2      100%        8
 Summon Small Mammal      Summ           Unusable   N/A       N/A         1
 Tukima's Dance           Hex            Unusable   N/A       N/A         3
 Animate Armour           Summ/Erth      Unusable   N/A       N/A         4
 Summon Hydra             Summ           Unusable   N/A       N/A         7

Inventory:

Hand Weapons
 a - a +0 war axe of draining
 A - a +2 war axe of venom (weapon)
   (Okawaru gifted it to you on level 8 of the Dungeon)
 C - a +0 battleaxe
   (You took it off an orc warrior on level 9 of the Dungeon)
Missiles
 G - 2 throwing nets
Armour
 b - the +1 robe of Vines (worn) {NoPotionHeal Regen++++}
   (You found it on level 9 of the Dungeon)

   NoPotionHeal: Its wearer cannot be healed by potions.
   Regen:     It increases your rate of health regeneration.
 c - a +0 buckler (worn)
 h - a +1 pair of gloves (worn)
   (You found it on level 2 of the Dungeon)
 i - a +0 kite shield
   (You found it on level 2 of the Dungeon)
 o - a scarf of resistance (worn)
   (You found it on level 4 of the Dungeon)
 q - a +0 pair of boots (worn)
   (You found it on level 5 of the Dungeon)
 x - a +0 cloak
   (You found it on level 7 of the Dungeon)
 D - a +0 plate armour
   (You took it off an orc warrior on level 9 of the Dungeon)
Jewellery
 l - a ring of poison resistance (left hand)
   (You found it on level 3 of the Dungeon)
 t - the ring of Ydodgh {rF+++ rN+ Will- MP-9 Int+8}
   (You took it off an orc wizard on level 7 of the Dungeon)

   [ring of positive energy]

   Int:       It affects your intelligence (+8).
   rF:        It renders you almost immune to fire.
   rN:        It protects you from negative energy.
   MP:        It affects your magic capacity (-9).
   Will:      It decreases your willpower.
 u - a ring of willpower
   (You found it on level 5 of the Dungeon)
 w - the ring "Jidgh" {Will+ rCorr MP+9 Int-2}
   (You found it on level 7 of the Dungeon)

   [ring of resist corrosion]

   Int:       It affects your intelligence (-2).
   MP:        It affects your magic capacity (+9).
   rCorr:     It protects you from acid and corrosion.
   Will:      It increases your willpower.
 y - the ring of Nuduewee (right hand) {Str+3 Dex+6}
   (You found it on level 7 of the Dungeon)

   [ring of dexterity]

   Str:       It affects your strength (+3).
   Dex:       It affects your dexterity (+6).
 z - the amulet of Wariness (around neck) {Acrobat Str+4}
   (You found it on level 7 of the Dungeon)

   [amulet of the acrobat]

   It increases your evasion while moving and waiting.
   Str:       It affects your strength (+4).
Wands
 m - a wand of flame (28) (quivered)
   (You found it on level 4 of the Dungeon)
Scrolls
 e - a scroll of brand weapon
 n - 3 scrolls of magic mapping
 r - 2 scrolls of poison
 B - 3 scrolls of identify
 E - a scroll of fear
Potions
 d - 2 potions of might
 f - a potion of curing
 g - a potion of magic
 j - 3 potions of lignification
 k - a potion of mutation {unknown}
 p - a potion of ambrosia {unknown}
 s - 2 potions of heal wounds {unknown}
 v - 4 potions of attraction
 F - a potion of cancellation {unknown}

Dungeon Overview and Level Annotations

Branches:
Dungeon (11/15) Zot: 26860  Temple (0/1) D:5            Lair (0/5) D:9
    Orc (0/2) D:9

Altars:
Ashenzari
Dithmenos
Elyvilon
Fedhas
Makhleb
Okawaru
Uskayaw
Vehumet
Wu Jian
Yredelemnul

Shops:
D:6 *   D:8 =

Annotations:
D:3 3 runed translucent doors, baller8008's ghost, amateur OpFE
D:6 exclusion: statue

...#...# ...#...#....#
...#...#....##+#
...#'###........#
...'...#........#
...#...#........########
...#...#................
...#...#........C.......
...#...'........@B......
...#...#................
...#...#................
...#...#................
.#####........####....
...............# ###'
.......#'##....# {
.......#..#....#
.......+..#....#


You could see a boulder beetle (very poisoned) and a cyclops (extremely
poisoned).


Message History

You regained 3 hp, and now have 87/92 hp.
Things that are here:
a +2 trident of venom; a +0 scale mail; a +0 buckler 😕 HP[+4]
You regained 4 hp, and now have 91/92 hp.
Unknown command.
No target in view!
A komodo dragon comes into view. 😎 HP[+1]
Your hp is fully restored (92).
Things that are here:
a +2 trident of venom; a +0 scale mail; a +0 buckler You slice the komodo dragon!!
The komodo dragon barely misses you.
You hit the komodo dragon.
The komodo dragon is poisoned.
You hit the komodo dragon.
The komodo dragon looks as sick as possible!
The komodo dragon closely misses you.
You barely miss the komodo dragon. The komodo dragon bites you! 😕 HP[-12]
You take 12 damage, and now have 80/92 hp.
You closely miss the komodo dragon. The komodo dragon bites you!! 😮 HP[-23]
You take 23 damage, and now have 57/92 hp.
MASSIVE DAMAGE!! (PAUSE)
You are too injured to fight recklessly!
You hit the komodo dragon but do no damage.
The komodo dragon looks as sick as possible! 😮 HP[+3]
You regained 3 hp, and now have 60/92 hp.
You slash the komodo dragon!
The komodo dragon looks as sick as possible!
The komodo dragon bites you! 😮 HP[-7]
You take 7 damage, and now have 53/92 hp.
You are too injured to fight recklessly!
You hit the komodo dragon.
You kill the komodo dragon!
Okawaru accepts your kill. 😮 HP[+3]
You regained 3 hp, and now have 56/92 hp.
Unknown command.
G - 2 throwing nets
Things that are here:
a +0 spear; a komodo dragon corpse; a gnoll corpse 😮 HP[+7]
You regained 7 hp, and now have 63/92 hp.
Things that are here:
a +2 trident of venom; a +0 scale mail; a +0 buckler Key pressed, stopping explore.
Unknown command. 😎 HP[+29]
Your hp is fully restored (92).
You open the door.
There is an open door here.
Found a stone staircase leading down.
You open the door.
There is an open door here.
Found an escape hatch in the floor.
You see here a scroll of teleportation.
Key pressed, stopping explore.
You open the door.
There is an open door here.
You open the door.
There is an open door here.
You open the door.
There is an open door here.
You open the door.
There is an open door here.
A cyclops comes into view.
A cyclops is nearby!
A cyclops is nearby!
A boulder beetle comes into view.
The cyclops shouts!
The boulder beetle leaps!
The cyclops throws a large rock.
The large rock closely misses you.
The boulder beetle curls into a ball and begins rolling!
You hit the cyclops but do no damage.
The cyclops is poisoned.
You hit the boulder beetle. You barely miss the cyclops.
The boulder beetle hits you!!!
Ouch! That really hurt!
* * * LOW HITPOINT WARNING * * *
The boulder beetle stops rolling and uncurls.
The cyclops hits you!!
* * * LOW HITPOINT WARNING * * *
😱 HP[-74]
You take 74 damage, and now have 18/92 hp.
MASSIVE DAMAGE!! (PAUSE)
You hit the boulder beetle but do no damage.
The boulder beetle is poisoned.
You hit the cyclops but do no damage.
The cyclops looks as sick as possible!
The boulder beetle bites you.
* * * LOW HITPOINT WARNING * * *
😱 HP[+2]
You regained 2 hp, and now have 20/92 hp.
Unknown command.
You hit the boulder beetle but do no damage.
You slash the cyclops!
The cyclops looks as sick as possible!
The boulder beetle bites you!!
* * * LOW HITPOINT WARNING * * *
The cyclops hits you!!
You die...

Skill      XL: |  1  2  3  4  5  6  7  8  9 10 11 |
---------------+----------------------------------+-----
Axes           | 3 4 5 7 8 10 13 15 16 | 16.0
Invocations    | 7 |  7.0
Fighting       | 7 |  7.9
Armour         | |  3.6
Shields        | |  4.0

Action                     |  1- 3 |  4- 6 |  7- 9 | 10-12 || total
---------------------------+-------+-------+-------+-------++-------
  Melee: War axe           |   115 |   127 |   169 |   391 ||   802
 Invoke: Heroism           |       |       |     1 |     6 ||     7
         Finesse           |       |       |       |     2 ||     2
Ability: Dig               |       |       |     1 |       ||     1
  Evoke: Wand              |       |       |       |     3 ||     3
    Use: Scroll            |     3 |     4 |     6 |     5 ||    18
         Potion            |       |       |     1 |     2 ||     3
 Armour: Scale mail        |    48 |    70 |    59 |    61 ||   238
         Plate armour      |       |       |       |    32 ||    32
         Robe              |       |       |       |    21 ||    21
  Dodge: Dodged            |    61 |    86 |    69 |   191 ||   407
  Block: Buckler           |    33 |    45 |    35 |   106 ||   219

Levels and vault maps discovered:
D:1:      minmay_arrival_four_circles, layout_loops_corners, minivault_5
D:2:      layout_rooms, uniq_terence
D:3:      layout_basic, okawaru_gym_becter, nicolae_wu_jian_wuxing_cycle,
          biasface_ghost_orc_armoury
D:4:      layout_basic, lemuel_round_altar
D:5:      cheibrodos_barr_body, layout_layer_cave,
          mainiacjoe_overflow_concentric_impassable, temple_green
D:6:      layout_layer_cave, vehumet_statue, nicolae_shop_clearance
D:7:      minmay_the_grid_triangle_9x9_recursive_2
          [minmay_the_grid_triangle_9x9_prize_special,
          minmay_the_grid_triangle_9x9_limited_checkers,
          minmay_the_grid_triangle_9x9_checkered,
          minmay_the_grid_triangle_9x9_negative_grid], layout_layer_cave,
          amcnicky_altar_gilded
D:8:      layout_rooms, serial_shops, nicolae_shop_waterfront
D:9:      layout_layer_cave, lair_entry_dummy, zombieorc2_lemuel,
          hellmonk_guarded_unrand_vines
D:10:     layout_gridville, elyvilon_altar_4, grunt_temple_overflow_open
D:11:     layout_gridville, amcnicky_mini_pool_small, uniq_erolcha

Notes
Turn   | Place    | Note
-------+----------+-------------------------------------------
     0 | D:1      | ytrimaz the Formicid Fighter began the quest for the Orb.
     0 | D:1      | Reached XP level 1. HP: 18/18 MP: 1/1
     0 | D:1      | magus.rc [v1.9.6]
    33 | D:1      | Reached XP level 2. HP: 21/24 MP: 2/2
   281 | D:1      | Reached skill level 3 in Axes
   387 | D:1      | Reached XP level 3. HP: 12/29 MP: 3/3
  1288 | D:2      | Reached skill level 4 in Axes
  1288 | D:2      | Reached XP level 4. HP: 35/35 MP: 4/4
  1299 | D:2      | You pick up a book of Blood and begin reading...
  1299 | D:2      | You add the spells Sublimation of Blood, Wereblood and
                  | Summon Hydra to your library.
  1368 | D:2      | Noticed Terence
  1381 | D:2      | Killed Terence
  1811 | D:3      | Found an ornate altar of the Wu Jian Council.
  1856 | D:3      | Found an iron altar of Okawaru.
  1881 | D:3      | Became a worshipper of Warmaster Okawaru
  1902 | D:3      | Reached XP level 5. HP: 35/41 MP: 5/5
  2040 | D:3      | Reached skill level 5 in Axes
  2082 | D:3      | HP: 8/41 [gnoll/+0 halberd (8)]
  2361 | D:3      | Found a runed translucent gate.
  2361 | D:3      | Noticed baller8008's ghost (amateur OpFE)
  2362 | D:3      | Found a runed translucent gate.
  2363 | D:3      | Found a runed translucent gate.
  2500 | D:3      | Reached XP level 6. HP: 17/47 MP: 6/6
  3043 | D:3      | Reached skill level 6 in Axes
  3366 | D:4      | Found a burning altar of Makhleb.
  3624 | D:4      | You add the spells Passage of Golubria and Yara's Violent
                  | Unravelling to your library.
  3978 | D:5      | Entered Level 5 of the Dungeon
  3980 | D:5      | Reached skill level 7 in Axes
  3980 | D:5      | Reached XP level 7. HP: 52/52 MP: 7/7
  4040 | D:5      | Reached * piety under Okawaru
  4071 | D:5      | Found a staircase to the Ecumenical Temple.
  4076 | D:5      | You pick up a book of Dreams and begin reading...
  4076 | D:5      | You add the spells Ensorcelled Hibernation, Spider Form and
                  | Anguish to your library.
  4132 | D:5      | Found a blossoming altar of Fedhas.
  4231 | D:5      | Reached skill level 8 in Axes
  4526 | D:5      | Reached XP level 8. HP: 54/58 MP: 8/8
  4552 | D:5      | magus.rc [v1.9.6]
  4719 | D:5      | Reached skill level 9 in Axes
  4866 | D:5      | Noticed a wraith
  4879 | D:5      | Killed a wraith
  4879 | D:5      | Reached ** piety under Okawaru
  4881 | D:5      | Reached skill level 10 in Axes
  4997 | D:5      | You pick up a book of Cantrips and begin reading...
  4997 | D:5      | You add the spells Necrotise and Apportation to your
                  | library.
  5849 | D:6      | Reached XP level 9. HP: 58/64 MP: 9/9
  5859 | D:6      | Reached skill level 11 in Axes
  5951 | D:6      | Found a radiant altar of Vehumet.
  6345 | D:6      | You pick up a book of Conjurations and begin reading...
  6345 | D:6      | You add the spells Magic Dart, Searing Ray and Fulminant
                  | Prism to your library.
  6808 | D:6      | Found Wescheze's CLEARANCE SALE!.
  6822 | D:6      | Bought a scroll of identify for 10 gold pieces
  7164 | D:7      | You pick up a book of Armaments and begin reading...
  7164 | D:7      | You add the spells Stone Arrow and Lehudib's Crystal Spear
                  | to your library.
  7197 | D:7      | Reached *** piety under Okawaru
  7200 | D:7      | Reached skill level 12 in Axes
  7220 | D:7      | HP: 12/64 [yak (10)]
  7223 | D:7      | Reached **** piety under Okawaru
  7224 | D:7      | Reached skill level 13 in Axes
  7402 | D:7      | Reached XP level 10. HP: 67/70 MP: 10/10
  7592 | D:7      | Noticed a two-headed ogre
  7595 | D:7      | Identified the ring of Ydodgh {rF+++ rN+ Will- MP-9 Int+8}
  7597 | D:7      | Reached skill level 14 in Axes
  7601 | D:7      | Noticed a cyclops
  7639 | D:6      | HP: 15/70 [vampire mosquito (5)]
  7644 | D:6      | HP: 8/70 [vampire mosquito (8)]
  7645 | D:6      | HP: 3/70 [vampire mosquito (5)]
  7650 | D:6      | HP: 8/70 [vampire mosquito (4)]
  8334 | D:7      | Noticed a boulder beetle
  8356 | D:7      | Killed a boulder beetle
  8368 | D:7      | HP: 9/70 [two-headed ogre/+0 giant club (18)]
  8369 | D:7      | Killed a two-headed ogre
  8370 | D:7      | Reached skill level 15 in Axes
  8616 | D:7      | Found a broken altar of Ashenzari.
  8837 | D:7      | Killed a cyclops
  8837 | D:7      | Reached ***** piety under Okawaru
  8889 | D:7      | Noticed a cyclops
  9015 | D:7      | Identified the ring "Jidgh" {Will+ rCorr MP+9 Int-2}
  9018 | D:7      | Identified the ring of Nuduewee {Str+3 Dex+6}
  9025 | D:7      | Identified the amulet of Wariness {Acrobat Str+4}
  9626 | D:7      | Reached XP level 11. HP: 75/75 MP: 11/11
  9666 | D:7      | Killed a cyclops
  9709 | D:8      | HP: 17/75 [killer bee (4)]
  9710 | D:8      | Received a gift from Okawaru
 10029 | D:8      | You pick up a book of Hexes and begin reading...
 10029 | D:8      | You add the spells Inner Flame, Cause Fear and Discord to
                  | your library.
 10062 | D:8      | Found Fottal Nusi's Jewellery Emporium.
 10246 | D:8      | You pick up a book of Maledictions and begin reading...
 10364 | D:9      | Reached skill level 16 in Axes
 10379 | D:9      | Reached skill level 1 in Invocations
 10388 | D:9      | Reached skill level 2 in Invocations
 10390 | D:9      | Reached skill level 3 in Invocations
 10449 | D:9      | Noticed a seven-headed hydra
 10912 | D:9      | Reached skill level 4 in Invocations
 11096 | D:9      | Found a staircase to the Lair.
 11100 | D:9      | Found a staircase to the Orcish Mines.
 11123 | D:9      | Reached skill level 5 in Invocations
 11336 | D:9      | Reached skill level 6 in Invocations
 11582 | D:9      | Reached skill level 7 in Invocations
 11970 | D:9      | Found the +1 robe of Vines {NoPotionHeal Regen++++}
 12145 | D:9      | Noticed a two-headed ogre
 12154 | D:9      | Killed a two-headed ogre
 12155 | D:9      | Reached skill level 4 in Fighting
 12165 | D:10     | Entered Level 10 of the Dungeon
 12197 | D:10     | Found a white marble altar of Elyvilon.
 12237 | D:10     | Reached skill level 5 in Fighting
 12239 | D:10     | Noticed a sixfirhy
 12244 | D:10     | Reached skill level 6 in Fighting
 12383 | D:10     | Reached skill level 7 in Fighting
 12425 | D:10     | Reached XP level 12. HP: 91/91 MP: 17/17
 12477 | D:10     | Found a basalt altar of Yredelemnul.
 12509 | D:10     | Found a shadowy altar of Dithmenos.
 12518 | D:10     | Found a hide-covered altar of Uskayaw.
 12763 | D:11     | Noticed a boulder beetle
 12772 | D:11     | HP: 18/92 [cyclops (23)]
 12774 | D:11     | HP: 3/92 [boulder beetle (19)]
 12774 | D:11     | Demolished by a cyclops

Vanquished Creatures
  A boulder beetle (D:7)
  2 two-headed ogres
  2 cyclopes (D:7)
  3 kobold demonologists (D:10)
  A komodo dragon (D:11)
  3 trolls
  A hornet (D:7)
  3 wraiths
  3 shadows
  9 yaks
  2 wyverns
  A vampire mosquito (D:6)
  An acid dragon (D:9)
  4 water moccasins
  3 black bears
  4 orc warriors
  An ice beast (D:7)
  3 centaurs
  2 ogres
  4 phantoms
  3 kobold brigands
  2 gnoll sergeants
  2 bullfrogs
  3 scorpions (D:5)
  A troll zombie (D:9)
  14 killer bees
  4 howler monkeys
  A gnoll bouda (D:5)
  A hound (D:5)
  3 jellies
  4 orc priests
  A sleepcap (D:7)
  Terence (D:2)
  5 iguanas
  10 orc wizards
  7 ogre zombies (D:9)
  16 gnolls
  4 adders
  3 shadow imps
  A white imp (D:7)
  An ufetubus (D:4)
  2 dart slugs
  45 orcs
  8 ball pythons
  3 bats
  13 endoplasms
  4 giant cockroaches
  8 goblins
  6 hobgoblins
  4 jackals (D:1)
  4 quokkas
  6 frilled lizards
  4 goblin zombies (D:9)
  5 hobgoblin zombies (D:9)
  11 kobolds
  2 orc skeletons (D:9)
  14 orc zombies (D:9)
  6 rats
285 creatures vanquished.

Vanquished Creatures (others)
  18 plants (D:9)
18 creatures vanquished.

Grand Total: 303 creatures vanquished

Table legend:
 A = Non-vault XP
 B = Vault XP
 C = Vault XP percentage of total XP
 D = Non-vault monster count
 E = Vault monster count
 F = Vault count percentage of total count
                 A         B        C        D         E       F
            +---------+---------+-------+---------+---------+-------
      Total |   10838 |    5710 |  34.5 |     221 |      64 |  22.5
            +---------+---------+-------+---------+---------+-------
        D:1 |      59 |       0 |   0.0 |      31 |       0 |   0.0
        D:2 |      34 |      36 |  51.4 |      13 |       1 |   7.1
        D:3 |     199 |       0 |   0.0 |      37 |       0 |   0.0
        D:4 |     141 |       0 |   0.0 |       9 |       0 |   0.0
        D:5 |     685 |     513 |  42.8 |      13 |      10 |  43.5
        D:6 |     945 |     177 |  15.8 |       9 |       1 |  10.0
        D:7 |    1977 |    3690 |  65.1 |      24 |      13 |  35.1
        D:8 |     300 |       0 |   0.0 |      10 |       0 |   0.0
        D:9 |    3056 |    1292 |  29.7 |      37 |      38 |  50.7
       D:10 |    2937 |       2 |   0.1 |      32 |       1 |   3.0
       D:11 |     505 |       0 |   0.0 |       6 |       0 |   0.0
            +---------+---------+-------+---------+---------+-------

Illustrated notes

Table legend:
 A = Kills in this place as a percentage of kills in the entire game.
 B = Kills by you in this place as a percentage of kills by you in the entire game.
 C = Kills by friends in this place as a percentage of kills by friends in the entire game.
 D = Other kills in this place as a percentage of other kills in the entire game.
 E = Experience gained in this place as a percentage of experience gained in the entire game.
 F = Experience gained in this place divided by the number of levels of this place that you have seen.
                   A       B       C       D       E      F
               +-------+-------+-------+-------+-------+----------------------
         Total | 100.0 | 100.0 |   N/A |   N/A | 100.0 | 1504.4
       Dungeon | 100.0 | 100.0 |   N/A |   N/A | 100.0 | 1504.4
               +-------+-------+-------+-------+-------+----------------------

Table legend: (Time is in decaauts)
 A = Elapsed time spent in this place.
 B = Non-inter-level travel time spent in this place.
 C = Inter-level travel time spent in this place.
 D = Time resting spent in this place.
 E = Time spent auto-exploring this place.
 F = Levels seen in this place.
 G = Mean time per level.
                   A        B        C        D        E       F      G
               +--------+--------+--------+--------+--------+-----+--------+
         Total |  12748 |  12186 |    562 |    984 |   9181 |  11 | 1158.9 |
       Dungeon |  12748 |  12186 |    562 |    984 |   9181 |  11 | 1158.9 |
               +--------+--------+--------+--------+--------+-----+--------+

Top non-repeatable levels by time:
     D:7: 2177 daAuts
     D:6: 1886 daAuts
     D:9: 1646 daAuts
     D:5: 1617 daAuts
     D:1: 1293 daAuts
     D:3: 1143 daAuts
     D:4: 910 daAuts
     D:8: 781 daAuts
     D:2: 711 daAuts
    D:10: 440 daAuts
    D:11: 138 daAuts
